 Dungeon Crawl Stone Soup version 0.17-a0-427-ga655056 (webtiles) character file.

2452 McCoppin the Covert (level 9, -1/59 HPs)
             Began as an Octopode Fighter on Apr 3, 2015.
             Was a Believer of Okawaru.
             Slain by a raven (10 damage)
             ... led by a tengu conjurer
             ... on level 7 of the Dungeon.
             The game lasted 00:28:27 (6742 turns).

McCoppin the Covert (Octopode Fighter)              Turns: 6742, Time: 00:28:27

Health: -1/59      AC:  1    Str: 21    XL:     9   Next: 50%
Magic:  18/18      EV: 11    Int: 10    God:    Okawaru [**....]
Gold:   349        SH: 10    Dex: 18    Spells: 0 memorised, 8 levels left

rFire  . . .     SeeInvis .     a - +0 rapier
rCold  . . .     Clarity  .     c - +0 shield
rNeg   . . .     SustAb   .     (helmet restricted)
rPois  .         Gourm    .     (no amulet)
rElec  .         Spirit   .     i - +6 ring of strength
rCorr  .         Warding  .     o - ring of magical power
rMut   .         Stasis   .     F - +3 ring of dexterity
MR     .....                    (no ring)
Stlth  +++++++...               (no ring)
                                (no ring)
                                (no ring)
                                (no ring)

@: not resistant to hostile enchantments, extremely stealthy
A: almost no armour, amphibious, 8 rings, constrict 8, camouflage 1, gelatinous
body 1
a: Heroism, Renounce Religion


You were on level 7 of the Dungeon.
You worshipped Okawaru.
Okawaru was pleased with you.
You were not hungry.

You visited 2 branches of the dungeon, and saw 9 of its levels.

You collected 349 gold pieces.

Inventory:

Hand weapons
 a - a +0 rapier (weapon)
 D - a +2 vampiric dagger
Missiles
 g - 40 poisoned needles
Armour
 c - a +0 shield (worn)
Jewellery
 i - a +6 ring of strength (left tentacle)
 o - a ring of magical power (right tentacle)
 F - a +3 ring of dexterity (on tentacle)
Magical devices
 E - a wand of polymorph (12)
Scrolls
 b - a scroll of enchant weapon {unknown}
 f - a scroll of fear {unknown}
 h - a scroll of magic mapping
 l - 2 scrolls of amnesia {unknown}
 s - 4 scrolls of random uselessness {unknown}
 w - a scroll of teleportation
 B - a scroll of enchant armour {unknown}
 G - a scroll of identify
Potions
 e - a potion of berserk rage {unknown}
 j - 5 potions of restore abilities
 q - 2 potions of curing
 r - a potion of cure mutation {unknown}
 t - a potion of poison {unknown}
 u - a potion of invisibility
 v - a potion of degeneration {unknown}
 x - a potion of cancellation {unknown}
 z - a potion of mutation {unknown}
 A - a potion of might
 H - a potion of lignification {unknown}
 I - a potion of magic {unknown}
Books
 y - a book of Spatial Translocations

   Spells                             Type                      Level
   a - Apportation                    Translocation                1
   b - Blink                          Translocation                2
   c - Shroud of Golubria             Charms/Translocation         2
   d - Portal Projectile              Translocation                3
   e - Teleport Other                 Translocation                3
   f - Passage of Golubria            Translocation                4
 C - a book of the Earth

   Spells                             Type                      Level
   a - Leda's Liquefaction            Hexes/Earth                  4
   b - Bolt of Magma                  Conjuration/Fire/Earth       5
   c - Statue Form                    Transmutation/Earth          6
   d - Iron Shot                      Conjuration/Earth            6
   e - Shatter                        Earth                        9
Comestibles
 d - 5 bread rations
 k - a royal jelly
 m - a slice of pizza
 n - 3 meat rations
 p - 2 beef jerkies


   Skills:
 * Level 4.7 Fighting
 + Level 7.4 Short Blades
 - Level 3.0 Dodging
 - Level 13.0 Stealth
 - Level 3.0 Shields


You had 8 spell levels left.
You didn't know any spells.

Dungeon Overview and Level Annotations

Branches:
Dungeon (8/15)             Temple (1/1) D:5
   Lair: D:8-11

Altars:
Dithmenos
Fedhas
Gozag
Kikubaaqudgha
Makhleb
Nemelex Xobeh
Okawaru
Qazlal
Ru
Sif Muna
Trog
Vehumet
Xom
Yredelemnul
Zin
The Shining One


Innate Abilities, Weirdness & Mutations

You cannot wear most types of armour.
You are amphibious.
You can wear up to eight rings at the same time.
You can use your tentacles to constrict eight enemies at once.
Your skin changes colour to match your surroundings (Stealth).
Your rubbery body absorbs attacks (AC +1).


Message History

* * * LOW HITPOINT WARNING * * *
The raven misses you. The raven barely misses you. The raven claws you.
* * * LOW HITPOINT WARNING * * *
Drink which item? (? for menu, Esc to quit)
You feel better.
You constrict the raven. The raven pecks you!
* * * LOW HITPOINT WARNING * * *
You block the raven's attack. The raven closely misses you.
The raven claws you!
* * * LOW HITPOINT WARNING * * *
Drink which item? (? for menu, Esc to quit)
You feel better.
You constrict the raven. The raven closely misses you.
You block the raven's attack. x2
The raven claws you.
* * * LOW HITPOINT WARNING * * *
Drink which item? (? for menu, Esc to quit)
You feel better.
You constrict the raven. You block the raven's attack. The raven claws you!
* * * LOW HITPOINT WARNING * * *
The raven pecks you!
You die...

.......# ##..# ##.#####
###'#### #..# #.....#
#..[# #..# #..##.#
#...##### ##.###..##.#
#...'...# #......##.#
#...###.# #..###.##.#
#...# #.# #...#.....#
##### #.# ##..########
...# #.# #b@#......# ...#
#.# ##.#.####.# ...# #.#
##.#.# #.# ...#
#.#######....# #.#
...####.#.....#..######.#
....)...#.....'.........#
#########†....###########
).......'.....#
#########.....#


You could see a raven.

Vanquished Creatures
  Grinder (D:4)
  A spriggan (D:7)
  Sigmund (D:4)
  Menkaure (D:4)
  An ice beast (D:6)
  A sky beast (D:7)
  Purgy (D:4)
  A necrophage (D:6)
  6 ogres
  2 scorpions
  A jelly (D:5)
  4 hounds
  2 crimson imps (D:6)
  An orc priest (D:5)
  2 giant frog skeletons (D:5)
  3 iguanas
  5 worker ants
  6 gnolls
  9 adders
  A giant mite (D:5)
  A shadow imp (D:5)
  2 giant geckos (D:5)
  2 oozes
  8 orcs
  11 bats
  4 giant cockroaches
  13 hobgoblins
  14 jackals
  16 kobolds
  3 quokkas
  3 ball pythons
  A giant gecko skeleton (D:5)
  8 giant newts
  11 goblins
  A jackal skeleton (D:4)
  A kobold zombie (D:5)
  19 rats
  A spectral orc (D:2)
169 creatures vanquished.

Notes
Turn   | Place    | Note
--------------------------------------------------------------
     0 | D:1      | McCoppin, the Octopode Fighter, began the quest for the Orb.
     0 | D:1      | Reached XP level 1. HP: 16/16 MP: 1/1
   107 | D:1      | Reached skill level 1 in Stealth
   146 | D:1      | Reached XP level 2. HP: 9/21 MP: 2/2
   658 | D:1      | Reached XP level 3. HP: 26/26 MP: 3/3
  1401 | D:2      | Reached skill level 4 in Stealth
  1401 | D:2      | Reached XP level 4. HP: 28/31 MP: 4/4
  1594 | D:2      | Found a basalt altar of Yredelemnul.
  2181 | D:3      | Found a blossoming altar of Fedhas.
  2399 | D:3      | Reached skill level 5 in Stealth
  2399 | D:3      | Reached XP level 5. HP: 13/36 MP: 5/5
  2628 | D:4      | Noticed Menkaure
  2999 | D:4      | Noticed Grinder
  3003 | D:4      | Killed Grinder
  3003 | D:4      | Reached skill level 7 in Stealth
  3003 | D:4      | Reached XP level 6. HP: 42/42 MP: 6/6
  3004 | D:4      | Noticed an ogre
  3009 | D:4      | Killed an ogre
  3142 | D:4      | Noticed Purgy
  3147 | D:4      | Killed Purgy
  3147 | D:4      | Reached skill level 8 in Stealth
  3147 | D:4      | Reached XP level 7. HP: 46/46 MP: 7/7
  3219 | D:4      | Noticed Sigmund
  3226 | D:5      | Entered Level 5 of the Dungeon
  3554 | D:4      | Killed Sigmund
  3554 | D:4      | Reached skill level 5 in Short Blades
  3554 | D:4      | Reached skill level 9 in Stealth
  3577 | D:4      | Killed Menkaure
  3577 | D:4      | Reached skill level 10 in Stealth
  3577 | D:4      | Reached XP level 8. HP: 47/52 MP: 8/8
  3697 | D:4      | Noticed an ogre
  3702 | D:4      | Killed an ogre
  4061 | D:5      | Found a staircase to the Ecumenical Temple.
  4083 | D:5      | Reached skill level 11 in Stealth
  4088 | Temple   | Entered the Ecumenical Temple
  4284 | Temple   | Became a worshipper of Warmaster Okawaru
  5410 | D:6      | Reached skill level 12 in Stealth
  5668 | D:6      | Acquired Okawaru's first power
  5668 | D:6      | Reached XP level 9. HP: 56/56 MP: 9/9
  6221 | D:7      | Reached skill level 13 in Stealth
  6609 | D:7      | Found a burning altar of Makhleb.
  6609 | D:7      | Found a shadowy altar of Dithmenos.
  6730 | D:8      | Noticed a tengu conjurer
  6731 | D:8      | Noticed a tengu conjurer
  6742 | D:7      | Slain by a raven

Action                   |  1- 3 |  4- 6 |  7- 9 || total
-------------------------+-------+-------+-------++-------
Melee: Rapier            |    84 |    53 |   136 ||   273
       Short sword       |       |       |    48 ||    48
  Use: Scroll            |       |     5 |     4 ||     9
       Potion            |       |     1 |     4 ||     5
 Stab: Sleeping          |     7 |    12 |    26 ||    45
       Distracted        |     1 |       |     6 ||     7
  Eat: Chunk             |     1 |     6 |     7 ||    14
       Bread ration      |       |       |     1 ||     1
